 Dungeon Crawl Stone Soup version 0.22.1-5-g62c59d919a (webtiles) character file.

38068 Rediskos the Thaumaturge (level 13, -1/80 HPs)
             Began as a Deep Elf Summoner on Jan 16, 2019.
             Was a High Priest of Ashenzari.
             Engulfed by a cloud of flame (5 damage)
             ... on level 2 of the Orcish Mines.
             The game lasted 02:08:17 (30991 turns).

Rediskos the Thaumaturge (Deep Elf Summoner)       Turns: 30991, Time: 02:08:18

Health: -1/80      AC:  7    Str:  5    XL:     13   Next: 61%
Magic:  41/57      EV: 16    Int: 26    God:    Ashenzari [*****.]
Gold:   1854       SH:  0    Dex: 15    Spells: 19/40 levels left

rFire    + + .     SeeInvis +   f - staff of power
rCold    + . .     Gourm    .   (no shield)
rNeg     . . .     Faith    .   A - +0 troll leather armour
rPois    .         Spirit   .   (no helmet)
rElec    +         Reflect  .   U - scarf {rC+ rF+} (curse)
rCorr    .         Harm     .   K - +1 pair of gloves (curse)
MR       +....     Clarity  +   n - +0 pair of boots
Stlth    +++.......             (no amulet)
HPRegen  0.63/turn              X - ring "Gastroz" {rElec rF+ Stlth+} (curse)
MPRegen  0.35/turn              I - ring of magical power (curse)

@: no status effects
A: no striking features
a: Curse Item, Scrying, Transfer Knowledge, Renounce Religion


You were on level 2 of the Orcish Mines.
You worshipped Ashenzari.
Ashenzari was extremely pleased with you.
You were hungry.

You visited 3 branches of the dungeon, and saw 21 of its levels.
You also visited: Ice Cave.

You collected 1854 gold pieces.

Inventory:

Hand Weapons
 Z - a +4 blowgun
Missiles
 a - 8 curare-tipped needles
 M - 3 throwing nets (quivered)
Armour
 n - a +0 pair of boots (worn)
 A - a +0 troll leather armour (worn)
 K - a cursed +1 pair of gloves (worn)
 U - a cursed scarf of resistance (worn)
Magical Staves
 f - an uncursed staff of power (weapon)
Jewellery
 b - an uncursed ring of resist corrosion
 x - an uncursed ring of protection from cold
 I - a cursed ring of magical power (right hand)
 L - an uncursed ring of protection from cold
 O - an uncursed ring of protection from magic
 X - the cursed ring "Gastroz" (left hand) {rElec rF+ Stlth+}
   (You acquired it on level 11 of the Dungeon)

   [ring of protection from fire]

   It protects you from fire.
   It insulates you from electricity.
   It makes you more stealthy.
   It has a curse placed upon it.
Wands
 e - a wand of acid (5)
 u - a wand of disintegration (38)
 C - a wand of enslavement (16)
 F - a wand of iceblast (50)
 Q - a wand of clouds (3)
Scrolls
 d - 5 scrolls of remove curse
 g - 3 scrolls of teleportation
 h - 6 scrolls of fear
 i - 7 scrolls of magic mapping
 p - 4 scrolls of blinking
 s - a scroll of enchant weapon
 w - a scroll of fog
 y - a scroll of immolation
 D - 2 scrolls of vulnerability
 J - 3 scrolls of identify
 P - a scroll of noise
 W - 2 scrolls of summoning
Potions
 j - 4 potions of ambrosia
 m - 8 potions of curing
 r - 3 potions of brilliance
 t - a potion of invisibility
 v - 2 potions of cancellation
 z - 2 potions of mutation
 G - 3 potions of might
 H - 2 potions of agility
 R - a potion of resistance
 T - a potion of haste
 V - a potion of heal wounds
 Y - a potion of magic {unknown}
Miscellaneous
 o - a phantom mirror
 N - a crystal ball of energy
 S - a phial of floods
Comestibles
 c - 32 rations
 k - 3 chunks of flesh


   Skills:
 + Level 9.4 Fighting
 - Level 8.0 Dodging
 - Level 2.4 Stealth
 + Level 14.2 Spellcasting
 - Level 2.7(5.0) Hexes
 * Level 13.5(15.8) Summonings
 - Level 2.7(5.0) Translocations
 - Level 1.7(3.6) Transmutations
 - Level 5.0(7.6) Ice Magic
 - Level 5.0(7.6) Air Magic
 + Level 9.4(11.9) Evocations


You had 19 spell levels left.
You knew the following spells:

 Your Spells              Type           Power        Failure   Level  Hunger
a - Summon Ice Beast      Ice/Summ       ######..     1%          4    None
b - Cause Fear            Hex            #####.....   6%          4    None
d - Summon Guardian Gole  Hex/Summ       ######..     1%          3    None
e - Passwall              Tmut/Erth      ####....     3%          2    None
f - Apportation           Tloc           #####.       1%          1    None
s - Call Canine Familiar  Summ           #######.     1%          3    None
x - Summon Lightning Spi  Summ/Air       ######..     1%          4    None

Your spell library contained the following spells:

 Spells                   Type           Power        Failure   Level  Hunger
 Summon Small Mammal      Summ           ####         0%          1    None
 Call Imp                 Summ           #######.     0%          2    None
 Beastly Appendage        Tmut           #####.       1%          1    None
 Confusing Touch          Hex            #####.       1%          1    None
 Freeze                   Ice            ####         1%          1    None
 Sticks to Snakes         Tmut           #####...     1%          2    None
 Throw Frost              Conj/Ice       #####.       1%          2    None
 Ozocubu's Armour         Chrm/Ice       #####...     3%          3    None
 Animate Skeleton         Necr           N/A          4%          1    None
 Flame Tongue             Conj/Fire      ###..        4%          1    None
 Sandblast                Erth           ###...       4%          1    None
 Ice Form                 Ice/Tmut       #####...     4%          4    None
 Spider Form              Tmut/Pois      ####......   7%          3    None
 Throw Icicle             Conj/Ice       #####...     10%         4    None
 Stone Arrow              Conj/Erth      ###...       13%         3    None
 Petrify                  Tmut/Erth      ####....     22%         4    None
 Blade Hands              Tmut           #####.....   30%         5    ##.....
 Lee's Rapid Deconstruct  Erth           ###.......   77%         5    ##.....
 Bolt of Fire             Conj/Fire      ###.......   100%        6    ####...
 Dragon Form              Tmut           #####.....   100%        7    ######.
 Dragon's Call            Summ           #######...   100%        9    #######


Dungeon Overview and Level Annotations

Branches:
Dungeon (13/15)            Temple (0/1) D:7            Lair (6/6) D:8
  Swamp (0/4) Lair:3       Spider (0/4) Lair:3        Slime (0/5) Lair:5
    Orc (2/2) D:12
    Elf: Orc:2       Vaults: D:13-14

Altars:
Ashenzari
Cheibriados
Dithmenos
Gozag
Hepliaklqana
Kikubaaqudgha
Makhleb
Nemelex Xobeh
Okawaru
Ru
Trog
Uskayaw
Vehumet
Wu Jian
Xom
The Shining One
Jiyva

Shops:
Orc:2 !!


Message History

Your ice beast is engulfed in blazing flames.
Your ice beast dies!
You hear a bellow!
You hear a shout! x4
You are engulfed in blazing flames.
You resist.
The orc high priest completely misses something.
Your ice beast barely misses the neqoxec.
The ynoxinul gestures at you. The iron shot hits you!
* * * LOW HITPOINT WARNING * * *
The neqoxec hits something!
You are engulfed in blazing flames.
You resist.
* * * LOW HITPOINT WARNING * * *
The infernal demonspawn hits your ice beast with a glaive!!
Your ice beast is engulfed in flames!!
Your ice beast melts!
Your ice beast hits the infernal demonspawn but does no damage.
Your ice beast barely misses the orc high priest.
The ynoxinul gestures.
The neqoxec gestures.
You barely miss the ufetubus.
You are engulfed in blazing flames.
You resist.
You die...

{{ ..
##(()##{{,##...###†)##.###
,{{.*##..)## {
##...###.)....# ,
,,*##((.##{{ {
#...*##...... , ##)#)##.
∩{{*{.## * ##....#
,**#..)##..# , #..# ,
,*##.#.. ,, ##)#)##..#*∩
#..#* *#.....
##)).##..###5.# , * ##....
, , ##...##.4#.5#*...**
##... , , ##...##o3@# ...#
##.. { , ##..)#Y#§#...#*
### ,, ,{ ##.53{§§§..# #
,,*##5#Yh5#.## , ,
##6....## * ,, , ##...## ,
,,, ,, , ##.##* , , ,,,,
### , ,,, ,,, ,* *, ,* *


You could see an orc high priest, an infernal demonspawn, a hellwing, a neqoxec,
a ynoxinul, a quasit, a white imp, 3 ufetubi, a friendly warg and 2 friendly ice
beasts.

Vanquished Creatures
  A yak (Lair:6)
  A sky beast (D:9)
  3 wolves
  A hound (D:9)
  An orc wizard (Orc:1)
  A worker ant (D:5)
  A leopard gecko (D:2)
  An orc (D:12)
  2 bats
  2 goblins (D:1)
  2 hobgoblins
  A jackal (D:10)
  2 frilled lizards
  A kobold (D:3)
  A quokka skeleton (D:9)
  A rat (D:1)
22 creatures vanquished.

Vanquished Creatures (collateral kills)
  Kirke (Lair:6)
  A frost giant (IceCv)
  The ghost of bananovenc the Severer, a journeyman GrFi of Okawaru (Orc:2)
  A dire elephant (Lair:6)
  An ettin (Orc:2)
  Harold (D:10)
  A two-headed ogre (D:9)
  2 centaur warriors (Orc:2)
  3 catoblepae
  8 hydras
  2 death yaks (Lair:6)
  Urug (Lair:3)
  An orc high priest (Orc:2)
  Sonja (Lair:6)
  2 deep elf archers (Orc:2)
  A lindwurm (Lair:6)
  4 orc knights (Orc:2)
  Pikel (D:4)
  An oklob plant (Lair:3)
  2 ugly things
  2 manticores (Lair:6)
  3 orc sorcerers (Orc:2)
  A torpor snail (Lair:6)
  10 black mambas
  10 elephants (Lair:6)
  2 molten gargoyles (Lair:3)
  An ice statue (IceCv)
  An orange demon (Orc:2)
  11 spiny frogs
  A smoke demon (Orc:2)
  2 ice devils (Orc:2)
  7 rime drakes
  4 komodo dragons
  2 trolls (D:12)
  18 polar bears
  Prince Ribbit (D:7)
  A queen bee (Orc:1)
  2 jumping spiders (Lair:3)
  Grinder (D:4)
  A hornet (D:9)
  8 hippogriffs
  8 dream sheep
  A water elemental (D:11)
  A spriggan (D:12)
  5 wyverns
  A redback (Lair:3)
  2 basilisks
  52 yaks
  Grum (D:10)
  2 fire bats (Lair:3)
  A human (D:12)
  A fire elemental (Lair:3)
  5 hogs (Lair:6)
  Menkaure (D:5)
  A hungry ghost (D:11)
  Edmund (D:4)
  2 vampire mosquitoes (D:12)
  A warg (D:12)
  14 water moccasins
  An acid dragon (D:12)
  8 porcupines
  6 ice beasts
  2 phantoms
  6 necrophages
  24 orc warriors
  2 sky beasts
  6 ogres
  6 black bears (Lair:1)
  29 wolves
  7 centaurs
  7 crocodiles
  A big kobold (D:12)
  9 bullfrogs
  A water moccasin zombie (D:11)
  A wyvern skeleton (D:12)
  4 scorpions
  27 killer bees
  4 wights (D:12)
  4 electric eels (D:11)
  A vampire bat (Lair:4)
  2 lava snakes (Lair:3)
  5 crimson imps
  2 quasits
  3 bullfrog zombies
  3 centaur zombies
  A bullfrog skeleton (D:4)
  22 orc priests
  11 hounds
  3 jellies
  12 orc wizards
  An iguana (D:8)
  6 worker ants
  A hound zombie (D:7)
  Robin (D:4)
  A howler monkey zombie (D:7)
  12 adders
  2 shadow imps (D:5)
  2 oozes
  An adder zombie (D:7)
  2 adder skeletons (D:9)
  4 worms
  4 dart slugs
  4 leopard geckos
  77 orcs
  13 bats
  2 giant cockroaches
  16 goblins
  11 hobgoblins
  13 jackals
  7 quokkas
  4 frilled lizards
  17 kobolds
  A leopard gecko skeleton (D:5)
  2 quokka skeletons
  9 rats
  4 fungi
662 creatures vanquished.

Vanquished Creatures (others)
  A sixfirhy (Orc:2)
  4 polar bears (IceCv)
  A chaos spawn (Orc:2)
  A slave (D:4)
  An orc priest (Orc:2)
  A hound (D:4)
  2 orcs (D:12)
  A hobgoblin (D:4)
  A goblin (D:4)
  A fire vortex (Lair:3)
  22 fungi
  7 plants
43 creatures vanquished.

Grand Total: 727 creatures vanquished

Notes
Turn   | Place    | Note
-------+----------+-------------------------------------------
     0 | D:1      | Rediskos the Deep Elf Summoner began the quest for the Orb.
     0 | D:1      | Reached XP level 1. HP: 10/10 MP: 6/6
   359 | D:1      | Reached XP level 2. HP: 16/16 MP: 6/8
   363 | D:1      | Learned a level 2 spell: Call Imp
  1088 | D:2      | Reached XP level 3. HP: 20/20 MP: 5/9
  1093 | D:2      | Learned a level 3 spell: Call Canine Familiar
  1582 | D:2      | Reached skill level 1 in Fighting
  1586 | D:2      | Reached skill level 5 in Summonings
  2543 | D:3      | Reached XP level 4. HP: 25/25 MP: 2/11
  3609 | D:3      | Found a sacrificial altar of Ru.
  3611 | D:3      | Found an opulent altar of Gozag.
  3611 | D:3      | Found a hide-covered altar of Uskayaw.
  3611 | D:3      | Found a burning altar of Makhleb.
  3611 | D:3      | Found a shattered altar of Ashenzari.
  4183 | D:3      | Became a worshipper of Ashenzari the Shackled
  4354 | D:4      | Noticed Robin
  4360 | D:4      | Noticed Grinder
  4364 | D:4      | Reached skill level 4 in Spellcasting
  4768 | D:4      | Found a hazy altar of Hepliaklqana.
  4769 | D:4      | Found a glowing golden altar of the Shining One.
  4769 | D:4      | Found a shadowy altar of Dithmenos.
  4770 | D:4      | Found a sparkling altar of Nemelex Xobeh.
  4786 | D:4      | Noticed an ogre
  4796 | D:4      | Killed an ogre
  4796 | D:4      | Reached XP level 5. HP: 30/30 MP: 6/13
  4835 | D:4      | Learned a level 4 spell: Summon Lightning Spire
  4849 | D:4      | Killed Grinder
  4849 | D:4      | Reached XP level 6. HP: 35/35 MP: 7/14
  4954 | D:4      | Noticed a slave
  4957 | D:4      | Noticed a slave
  4957 | D:4      | Noticed a slave
  4958 | D:4      | Noticed Pikel
  4961 | D:4      | Noticed a slave
  4977 | D:4      | Killed Pikel
  4977 | D:4      | Reached skill level 5 in Spellcasting
  4977 | D:4      | Reached skill level 1 in Air Magic
  5111 | D:4      | Noticed Edmund
  5192 | D:4      | Killed Edmund
  5192 | D:4      | Reached XP level 7. HP: 40/40 MP: 7/16
  5323 | D:4      | Killed Robin
  5475 | D:4      | Found a bloodstained altar of Trog.
  5822 | D:5      | Entered Level 5 of the Dungeon
  5822 | D:5      | Noticed Menkaure
  6490 | D:5      | Killed Menkaure
  6490 | D:5      | Reached skill level 5 in Dodging
  6604 | D:5      | Reached * piety under Ashenzari
  7172 | D:5      | Found a shimmering altar of Xom.
  7270 | D:5      | Reached skill level 6 in Spellcasting
  7694 | D:6      | Learned a level 3 spell: Summon Guardian Golem
  7771 | D:6      | Reached XP level 8. HP: 46/46 MP: 8/19
  7864 | D:6      | Identified the +2 dagger of Taamerri {vamp, rPois Str+4}
  8359 | D:6      | Learned a level 4 spell: Summon Ice Beast
  8662 | D:7      | Noticed Prince Ribbit
  8921 | D:7      | Killed Prince Ribbit
  8921 | D:7      | Reached skill level 1 in Ice Magic
  9062 | D:7      | Learned a level 2 spell: Passwall
  9262 | D:7      | Found a staircase to the Ecumenical Temple.
  9265 | D:7      | Reached skill level 7 in Spellcasting
  9338 | D:7      | Found an ancient bone altar of Kikubaaqudgha.
  9409 | D:7      | Reached skill level 5 in Air Magic
  9573 | D:7      | Reached ** piety under Ashenzari
  9772 | D:7      | Reached XP level 9. HP: 16/52 MP: 12/22
 10268 | D:8      | Found a snail-covered altar of Cheibriados.
 10312 | D:8      | Found an ornate altar of the Wu Jian Council.
 10312 | D:8      | Found a radiant altar of Vehumet.
 10621 | D:8      | Found an iron altar of Okawaru.
 10649 | D:8      | Reached skill level 8 in Spellcasting
 10794 | D:8      | Found a staircase to the Lair.
 11107 | Lair:1   | Entered Level 1 of the Lair of Beasts
 11359 | Lair:1   | Noticed a spiny frog
 11369 | Lair:1   | Killed a spiny frog
 11623 | Lair:1   | Reached skill level 5 in Fighting
 11673 | Lair:1   | Reached skill level 9 in Spellcasting
 11802 | Lair:1   | Reached skill level 5 in Ice Magic
 11956 | Lair:1   | Noticed a polar bear
 11970 | Lair:1   | Killed a polar bear
 11971 | Lair:1   | Reached XP level 10. HP: 59/59 MP: 16/25
 12683 | Lair:2   | Noticed a spiny frog
 12688 | Lair:2   | Killed a spiny frog
 12896 | Lair:2   | Reached *** piety under Ashenzari
 13061 | Lair:2   | Noticed a five-headed hydra
 13068 | Lair:2   | Killed a five-headed hydra
 13068 | Lair:2   | Reached skill level 10 in Spellcasting
 13068 | Lair:2   | Reached skill level 1 in Evocations
 13150 | Lair:2   | Noticed a spiny frog
 13159 | Lair:2   | Killed a spiny frog
 13263 | Lair:2   | Noticed a black mamba
 13279 | Lair:2   | Killed a black mamba
 13342 | Lair:2   | Noticed a black mamba
 13357 | Lair:2   | Killed a black mamba
 13645 | Lair:3   | Noticed a six-headed hydra
 13656 | Lair:3   | Killed a six-headed hydra
 13656 | Lair:3   | Reached skill level 10 in Summonings
 13762 | Lair:3   | Found a frozen archway.
 13851 | IceCv    | Entered an ice cave
 14088 | IceCv    | Reached skill level 11 in Spellcasting
 14094 | IceCv    | Reached XP level 11. HP: 66/66 MP: 20/28
 16307 | IceCv    | Reached skill level 5 in Evocations
 16909 | IceCv    | Noticed a frost giant
 16921 | IceCv    | Killed a frost giant
 17435 | Lair:3   | Found a staircase to the Swamp.
 17656 | Lair:3   | Reached skill level 1 in Transmutations
 17966 | Lair:3   | Noticed an oklob plant
 17985 | Lair:3   | Killed an oklob plant
 18192 | Lair:3   | Noticed Urug
 18216 | Lair:3   | Killed Urug
 18409 | Lair:3   | Learned a level 1 spell: Apportation
 18513 | Lair:3   | Reached skill level 12 in Spellcasting
 18745 | Lair:3   | Found a hole to the Spider Nest.
 19634 | Lair:4   | Noticed a four-headed hydra
 19642 | Lair:4   | Killed a four-headed hydra
 20022 | Lair:4   | Reached **** piety under Ashenzari
 20753 | Lair:5   | Reached XP level 12. HP: 73/73 MP: 30/30
 20849 | Lair:5   | Noticed a catoblepas
 20858 | Lair:5   | Killed a catoblepas
 20918 | Lair:5   | Noticed a five-headed hydra
 20922 | Lair:5   | Killed a five-headed hydra
 21338 | Lair:5   | Noticed an eight-headed hydra
 21360 | Lair:5   | Killed an eight-headed hydra
 21393 | Lair:5   | Found a staircase to the Slime Pits.
 21394 | Lair:5   | Found a viscous altar of Jiyva.
 21555 | Lair:6   | Entered Level 6 of the Lair of Beasts
 21849 | Lair:6   | Noticed Kirke
 22155 | Lair:6   | Killed Kirke
 22313 | Lair:6   | Noticed a five-headed hydra
 22320 | Lair:6   | Killed a five-headed hydra
 22514 | Lair:6   | Noticed Sonja
 22517 | Lair:6   | Noticed a death yak
 22519 | Lair:6   | Noticed a death yak
 22522 | Lair:6   | Killed Sonja
 22571 | Lair:6   | Reached skill level 13 in Spellcasting
 23089 | Lair:6   | Reached ***** piety under Ashenzari
 23278 | Lair:6   | Noticed a catoblepas
 23290 | Lair:6   | Killed a death yak
 23330 | Lair:6   | Killed a death yak
 23341 | Lair:6   | Killed a catoblepas
 23341 | Lair:6   | Reached skill level 1 in Translocations
 23819 | Lair:6   | Noticed a dire elephant
 23845 | Lair:6   | Killed a dire elephant
 23946 | Lair:6   | Noticed a catoblepas
 23967 | Lair:6   | Killed a catoblepas
 24167 | Lair:6   | Noticed a five-headed hydra
 24197 | Lair:6   | Killed a five-headed hydra
 24197 | Lair:6   | Reached XP level 13. HP: 79/80 MP: 23/32
 24503 | Lair:6   | Learned a level 4 spell: Cause Fear
 25325 | D:10     | Entered Level 10 of the Dungeon
 25366 | D:10     | Reached skill level 1 in Hexes
 25380 | D:10     | Noticed Grum
 25389 | D:10     | Killed Grum
 25455 | D:10     | Noticed Harold
 25473 | D:10     | Killed Harold
 27541 | D:11     | Identified a scroll of acquirement
 27542 | D:11     | Identified the cursed ring "Gastroz" {rElec rF+ Stlth+}
                  | (You acquired it on level 11 of the Dungeon)
 28255 | D:12     | Found a staircase to the Orcish Mines.
 29031 | Orc:1    | Entered Level 1 of the Orcish Mines
 29531 | Orc:2    | Entered Level 2 of the Orcish Mines
 29558 | Orc:2    | Found a runed gate.
 29565 | Orc:2    | Found a runed gate.
 29566 | Orc:2    | Found a runed gate.
 29567 | Orc:2    | Found the +2 Maxwell's thermic engine {flame, freeze}
 29567 | Orc:2    | Found an iron altar of Okawaru.
 29567 | Orc:2    | Noticed bananovenc's ghost (journeyman GrFi)
 30251 | Orc:2    | Reached skill level 14 in Spellcasting
 30274 | Orc:2    | Killed bananovenc's ghost
 30411 | Orc:2    | Noticed an ettin
 30422 | Orc:2    | Killed an ettin
 30582 | Orc:2    | Found Fogg's Distillery.
 30658 | Orc:2    | Found Nolucuw's Distillery.
 30990 | Orc:2    | HP: 3/80 [something (3)]
 30991 | Orc:2    | Engulfed by a cloud of flame

Skill      XL: |  1  2  3  4  5  6  7  8  9 10 11 12 13 |
---------------+----------------------------------------+-----
Dodging        | 3 4 5 7 8 |  8.0
Fighting       | 1 2 3 4 5 6 7 8 9 |  9.4
Summonings     | 5 6 7 9 10 11 12 13 | 13.5
Spellcasting   | 4 5 6 7 9 11 12 13 14 | 14.2
Air Magic      | 2 3 5 |  5.0
Ice Magic      | 2 5 |  5.0
Evocations     | 4 6 8 9 |  9.4
Transmutations | 1 |  1.7
Translocations | 2 |  2.7
Hexes          | 2 |  2.7
Stealth        | |  2.4

Action                   |  1- 3 |  4- 6 |  7- 9 | 10-12 | 13-15 || total
-------------------------+-------+-------+-------+-------+-------++-------
Melee: Spear             |    36 |    19 |    45 |   105 |       ||   205
       Dagger            |       |       |       |       |    88 ||    88
       Staff             |       |       |       |       |    11 ||    11
Throw: Throwing net      |       |       |       |       |     2 ||     2
 Cast: Summon Small Mamm |    18 |       |       |       |       ||    18
       Call Imp          |    51 |    55 |    58 |       |       ||   164
       Call Canine Famil |     2 |     6 |    44 |    26 |    40 ||   118
       Summon Lightning  |       |       |    16 |    99 |    51 ||   166
       Summon Guardian G |       |       |     3 |    14 |    32 ||    49
       Summon Ice Beast  |       |       |    31 |   197 |   160 ||   388
       Cause Fear        |       |       |       |       |     4 ||     4
Invok: Curse Item        |       |     1 |     2 |     3 |       ||     6
       Scrying           |       |       |     1 |       |       ||     1
Evoke: Crystal ball of e |       |       |       |    56 |    45 ||   101
       Staff of energy   |       |       |       |     2 |       ||     2
  Use: Scroll            |       |     4 |     5 |    11 |    14 ||    34
       Potion            |       |       |     2 |     1 |     2 ||     5
 Stab: Sleeping          |     3 |       |       |       |     1 ||     4
       Distracted        |     1 |       |     1 |     5 |     1 ||     8
  Eat: Chunk             |     5 |     4 |    21 |    20 |    11 ||    61
       Ration            |       |     2 |     1 |     5 |     4 ||    12
Armor: Robe              |    18 |     1 |       |       |       ||    19
       Leather armour    |       |     9 |    16 |    28 |    29 ||    82
       Troll leather arm |       |       |       |       |    12 ||    12
Dodge: Dodged            |    48 |    22 |   100 |   139 |   163 ||   472
